AoeStats
← rafael.daniek

Socotra

506511524Analyzed
4v4 RM · 19d ago on Sep 13, 2026· 45m 30s· 8 players
Game mode
Random Map
Map size
148×148
Population
200
Speed
Normal
Resources
Standard
Victory
Conquest
Starting age
Dark Age
Ending age
Imperial Age
RankedLock teamsTeams togetherTeam positionsShared explorationLock speedFull tech treeHidden civsTurbo modeCheats
Victory
Defeat
🇬🇧 Sicilians · United Kingdom
1063
+9
🇧🇷 Hindustanis · Brazil
1063
+9
🇩🇪 Goths · Germany
1021
+10
🇦🇷 Huns · Argentina
802
+18
🇺🇸 Persians · United States
958
-14
🇩🇪 Romans · Germany
932
-13
🇩🇪 Khmer · Germany
833
-10
🇺🇸 Tupi · United States
825
-9
GeneralPique
8:29 Loom
10:14 Feudal Age
11:08 Double-Bit Axe
11:07 Horse Collar
17:40 Bloodlines
18:57 Forging
22:12 Castle Age
21:33 Bloodlines
21:33 Scale Barding Armor
21:55 Gold Mining
21:55 Stone Mining
22:59 Husbandry
24:00 Bow Saw
23:51 Heavy Plow
28:59 Iron Casting
31:50 Kamandaran
32:51 Padded Archer Armor
34:13 Fletching
35:55 Chain Barding Armor
35:57 Caravan
36:18 Crossbowman
37:46 Thumb Ring
38:13 Leather Archer Armor
38:22 Ballistics
39:36 Bodkin Arrow
43:29 Imperial Age
41:36 Wheelbarrow
40:48 Town Watch
43:15 Gold Shaft Mining
45:18 Blast Furnace
45:51 Plate Barding Armor
Gimli der Geier
10:45 Feudal Age
12:40 Man-at-Arms
13:33 Forging
13:24 Scale Mail Armor
18:28 Double-Bit Axe
18:25 Horse Collar
28:11 Castle Age
27:24 Wheelbarrow
26:34 Loom
27:04 Gold Mining
rafael.daniek
3:38 Loom
13:01 Feudal Age
16:24 Gold Mining
20:12 Stone Mining
24:47 Castle Age
25:07 Double-Bit Axe
Brianth1146
7:07 Loom
10:57 Feudal Age
23:09 Castle Age
21:40 Fletching
21:50 Padded Archer Armor
22:04 Double-Bit Axe
21:59 Horse Collar
35:18 Bodkin Arrow
35:24 Padded Archer Armor
38:36 Imperial Age
36:46 Murder Holes
37:14 Ballistics
38:22 Leather Archer Armor
39:42 Curare
39:47 Bracer
40:17 Ring Archer Armor
40:52 Chemistry
Led
6:45 Loom
9:09 Feudal Age
9:50 Double-Bit Axe
16:18 Forging
16:56 Scale Barding Armor
19:06 Wheelbarrow
21:49 Castle Age
21:16 Gold Mining
23:25 Husbandry
24:17 Chain Barding Armor
25:16 Bloodlines
26:36 Bow Saw
28:13 Iron Casting
28:23 Stone Mining
28:54 Hand Cart
30:01 Town Watch
30:03 Horse Collar
31:44 Stone Shaft Mining
32:05 Fletching
37:42 Imperial Age
35:18 Heavy Plow
36:14 Bodkin Arrow
36:20 Padded Archer Armor
37:55 Grand Trunk Road
37:29 Elite Skirmisher
38:35 Leather Archer Armor
38:24 Scale Mail Armor
39:24 Blast Furnace
39:21 Gold Shaft Mining
39:54 Chemistry
40:21 Ballistics
39:48 Heavy Camel Rider
44:25 Imperial Camel Rider
MR
0:28 Loom
12:24 Feudal Age
17:44 Castle Age
18:23 Man-at-Arms
19:44 Long Swordsman
26:38 Double-Bit Axe
27:46 Wheelbarrow
31:43 Hand Cart
31:13 Town Watch
31:41 Bow Saw
31:28 Gold Mining
31:25 Horse Collar
32:13 Scale Mail Armor
32:23 Forging
36:12 Light Cavalry
37:02 Bloodlines
40:52 Imperial Age
TAdama_Actual
5:38 Loom
10:54 Feudal Age
19:47 Double-Bit Axe
23:42 Fletching
27:49 Wheelbarrow
27:41 Scale Mail Armor
28:27 Forging
34:10 Castle Age
33:57 Horse Collar
35:07 Chain Mail Armor
35:38 Heavy Plow
36:26 Iron Casting
36:45 Squires
36:31 Arson
36:32 Gambesons
39:04 Fervor
38:59 Pikeman
41:26 Bow Saw
Kailer
6:44 Loom
9:39 Feudal Age
10:23 Man-at-Arms
11:17 Double-Bit Axe
17:22 Horse Collar
19:19 Forging
19:10 Scale Mail Armor
19:43 Gold Mining
20:31 Bloodlines
20:54 Scale Barding Armor
23:50 Castle Age
26:08 Iron Casting
29:34 Town Watch
31:21 Husbandry
31:43 Chain Barding Armor
33:15 Wheelbarrow
35:26 Hand Cart
43:21 Imperial Age
40:57 Town Patrol
44:00 Cavalier
45:52 Blast Furnace
Connection lost

Rejoining the realm…

Still unreachable

The connection could not be restored.

Session expired

The server has moved on; the page needs a fresh start.